[Event "FIDE World Rapid-ch Open 2018"]
[White "Dubov, Daniil"]
[Black "Artemiev, Vladislav"]
[Site "St. Petersburg"]
[Round "13.3"]
[Annotator "ChessBase"]
[Result "1/2-1/2"]
[Date "2018.12.28"]
[WhiteElo "2703"]
[BlackElo "2709"]
[PlyCount "27"]
[TimeControl "900+10"]

1. c4 e5 2. Nc3 Bb4 3. Nd5 Bc5 4. b4 Bf8 5. Bb2 c6 6. Ne3 f6 7. c5 d5 8. cxd6 Bxd6 9. a3 a5 10. bxa5 Be6 11. g3 Ne7 12. Bg2 Qxa5 13. Nf3 0-0 14. 0-0 1/2-1/2

[Event "FIDE World Rapid-ch Open 2018"]
[White "Andreikin, Dmitry"]
[Black "Mamedyarov, Shakhriyar"]
[Site "St. Petersburg"]
[Round "13.4"]
[Annotator "ChessBase"]
[Result "1/2-1/2"]
[Date "2018.12.28"]
[WhiteElo "2719"]
[BlackElo "2817"]
[PlyCount "30"]
[TimeControl "900+10"]

1. e4 e5 2. Nf3 Nc6 3. Bc4 Bc5 4. 0-0 Nf6 5. d3 a6 6. c3 d6 7. Nbd2 0-0 8. Bb3 Ba7 9. h3 Ne7 10. Re1 Ng6 11. Nf1 Re8 12. Ng3 h6 13. d4 c6 14. Be3 exd4 15. Bxd4 c5 1/2-1/2

[Event "FIDE World Rapid-ch Open 2018"]
[White "Firouzja, Alireza"]
[Black "Wang, Hao"]
[Site "St. Petersburg"]
[Round "13.5"]
[Annotator "ChessBase"]
[Result "1/2-1/2"]
[Date "2018.12.28"]
[WhiteElo "2607"]
[BlackElo "2730"]
[PlyCount "77"]
[TimeControl "900+10"]

1. e4 e5 2. Nf3 Nc6 3. Bb5 a6 4. Ba4 d6 5. c3 Bd7 6. d4 g6 7. 0-0 Bg7 8. Bg5 Nf6 9. Nbd2 h6 10. Bh4 b5 11. Bc2 0-0 12. Nb3 exd4 13. cxd4 g5 14. Bg3 Nh5 15. a3 Ne7 16. e5 Nxg3 17. hxg3 dxe5 18. Nxe5 Bf5 19. Rc1 a5 20. Bxf5 Nxf5 21. Nc6 Qd6 22. Qd3 Ne7 23. Qxb5 a4 24. Nba5 Nxc6 25. Nxc6 Rfe8 26. Rc4 Re2 27. Rxa4 Rxa4 28. Qxa4 Rxb2 29. Re1 Qf6 30. Ne7+ Kh7 31. Qa8 Qxf2+ 32. Kh2 Bf8 33. Qe4+ Kh8 34. Nf5 Kg8 35. Rc1 Re2 36. Qd5 Rc2 37. Rxc2 Qxc2 38. Qe5 Qd1 39. a4 1/2-1/2

[Event "FIDE World Rapid-ch Open 2018"]
[White "Gelfand, Boris"]
[Black "Matlakov, Maxim"]
[Site "St. Petersburg"]
[Round "13.6"]
[Annotator "ChessBase"]
[Result "1/2-1/2"]
[Date "2018.12.28"]
[WhiteElo "2673"]
[BlackElo "2700"]
[PlyCount "27"]
[TimeControl "900+10"]

1. d4 Nf6 2. c4 e6 3. Nf3 d5 4. g3 Bb4+ 5. Bd2 Be7 6. Bg2 0-0 7. 0-0 Nbd7 8. Qb3 c6 9. Rd1 Ne4 10. Bb4 Bxb4 11. Qxb4 a5 12. Qb3 b5 13. cxd5 cxd5 14. Nc3 1/2-1/2

[Event "FIDE World Rapid-ch Open 2018"]
[White "Nakamura, Hikaru"]
[Black "Sargissian, Gabriel"]
[Site "St. Petersburg"]
[Round "13.7"]
[Annotator "ChessBase"]
[Result "1-0"]
[Date "2018.12.28"]
[WhiteElo "2746"]
[BlackElo "2689"]
[PlyCount "63"]
[TimeControl "900+10"]

1. Nf3 d5 2. b3 Nf6 3. Bb2 Bg4 4. e3 e6 5. d3 Be7 6. h3 Bxf3 7. Qxf3 0-0 8. g3 a5 9. a4 Bb4+ 10. c3 Bd6 11. Bg2 Nbd7 12. 0-0 Qe7 13. Qe2 c6 14. Nd2 Rfe8 15. e4 dxe4 16. dxe4 Ne5 17. f4 Bc5+ 18. Kh2 Ned7 19. e5 Nd5 20. Rf3 Qf8 21. Ne4 Be7 22. c4 Nb4 23. f5 exf5 24. Rxf5 g6 25. e6 gxf5 26. exd7 Red8 27. Qh5 f6 28. Qxf5 Qf7 29. Bxf6 Bxf6 30. Nxf6+ Kg7 31. Rf1 Qe7 32. Qxh7+ 1-0

[Event "FIDE World Rapid-ch Open 2018"]
[White "Karjakin, Sergey"]
[Black "Petrosian, Tigran L."]
[Site "St. Petersburg"]
[Round "13.8"]
[Annotator "ChessBase"]
[Result "1-0"]
[Date "2018.12.28"]
[WhiteElo "2753"]
[BlackElo "2598"]
[PlyCount "93"]
[TimeControl "900+10"]

1. e4 d6 2. d4 Nf6 3. Nc3 c6 4. f4 Qa5 5. Bd3 e5 6. Nf3 Bg4 7. Be3 Nbd7 8. 0-0 Be7 9. h3 Bxf3 10. Qxf3 0-0 11. Ne2 Bd8 12. c3 b5 13. a3 Qa4 14. Rad1 Qb3 15. Rd2 Nb6 16. dxe5 dxe5 17. fxe5 Nfd7 18. Nd4 Qa4 19. Nxc6 b4 20. Nxb4 Nxe5 21. Qg3 Qe8 22. Nd5 Ng6 23. Bc5 Nd7 24. Bb5 Qe5 25. Qxe5 Ndxe5 26. Bxf8 Nxf8 27. b4 Ne6 28. Rf5 f6 29. Rdf2 h6 30. Rf1 Kh7 31. R5f2 a6 32. Be2 Ng5 33. Bg4 Kh8 34. Rc2 Nxe4 35. c4 Nd6 36. c5 Nb5 37. a4 Nd4 38. Rd2 Nb3 39. Re2 a5 40. Rxe5 fxe5 41. Rf8+ Kh7 42. c6 Bb6+ 43. Nxb6 Rxf8 44. bxa5 h5 45. Bxh5 Nxa5 46. c7 Nc4 47. c8=Q 1-0

[Event "FIDE World Rapid-ch Open 2018"]
[White "Nepomniachtchi, Ian"]
[Black "Salem, A.R. Saleh"]
[Site "St. Petersburg"]
[Round "13.9"]
[Annotator "ChessBase"]
[Result "0-1"]
[Date "2018.12.28"]
[WhiteElo "2763"]
[BlackElo "2660"]
[PlyCount "186"]
[TimeControl "900+10"]

1. e4 c5 2. Nf3 d6 3. d4 cxd4 4. Nxd4 Nf6 5. Nc3 a6 6. Be2 e5 7. Nb3 Be7 8. 0-0 0-0 9. Qd3 Be6 10. Bd2 Nbd7 11. Nd5 Bxd5 12. exd5 a5 13. a4 g6 14. Be3 Ne8 15. Nd2 Bg5 16. Nc4 Bxe3 17. Qxe3 f5 18. c3 Qc7 19. b4 b6 20. Na3 Ndf6 21. Rfd1 Ng7 22. Nb5 Qd8 23. bxa5 Rxa5 24. c4 Ne4 25. Bd3 Nc5 26. Bc2 f4 27. Qh3 Nf5 28. Re1 h5 29. Kh1 Kg7 30. g3 fxg3 31. fxg3 Nh6 32. Qg2 Ng4 33. Re2 Qf6 34. h3 e4 35. Rae1 Ne5 36. Bxe4 Rxa4 37. Bb1 Rb4 38. Nd4 Rxc4 39. Ne6+ Nxe6 40. dxe6 Rc3 41. Qb7+ Kh6 42. Qg2 Ra3 43. Ra2 Rxa2 44. Bxa2 b5 45. Bd5 Kg7 46. Rc1 Qe7 47. Qd2 h4 48. g4 g5 49. Qe3 Kh6 50. Qb3 b4 51. Rd1 Rf4 52. Bg2 Nc4 53. Re1 Ne5 54. Rd1 Rc4 55. Bf1 Rf4 56. Bg2 Kg7 57. Ra1 Qc7 58. Qd5 Kf6 59. Qa8 Ng6 60. Ra7 Qc1+ 61. Kh2 Qc5 62. Rf7+ Ke5 63. e7 Nxe7 64. Rxe7+ Kd4 65. Qa1+ Kc4 66. Qc1+ Kb3 67. Re3+ Ka4 68. Qa1+ Kb5 69. Bf1+ Kb6 70. Qa6+ Kc7 71. Qe2 Kb6 72. Bg2 Rc4 73. Qf3 Rc1 74. Qb7+ Ka5 75. Qa8+ Kb6 76. Qd8+ Ka6 77. Qe7 Kb6 78. Qe8 Ka6 79. Bf3 Kb6 80. Qd8+ Qc7 81. Qxg5 d5+ 82. Qe5 Qxe5+ 83. Rxe5 b3 84. Bxd5 b2 85. Ba2 Ra1 86. Re6+ Kc5 87. Re5+ Kb4 88. Re4+ Ka3 89. Bb1 Rxb1 90. Re8 Ra1 91. Ra8+ Kb3 92. Rb8+ Kc3 93. Kg2 b1=Q 0-1

[Event "FIDE World Rapid-ch Open 2018"]
[White "Zubov, Alexander"]
[Black "Zhigalko, Sergei"]
[Site "St. Petersburg"]
[Round "13.11"]
[Annotator "ChessBase"]
[Result "1/2-1/2"]
[Date "2018.12.28"]
[WhiteElo "2597"]
[BlackElo "2604"]
[PlyCount "24"]
[TimeControl "900+10"]

1. d4 Nf6 2. c4 e6 3. Nf3 b6 4. a3 Bb7 5. Nc3 d5 6. Bg5 Be7 7. e3 0-0 8. Rc1 Nbd7 9. cxd5 exd5 10. Be2 c5 11. 0-0 Rc8 12. dxc5 bxc5 1/2-1/2

[Event "FIDE World Rapid-ch Open 2018"]
[White "Harikrishna, Pentala"]
[Black "Ponkratov, Pavel"]
[Site "St. Petersburg"]
[Round "13.12"]
[Annotator "ChessBase"]
[Result "0-1"]
[Date "2018.12.28"]
[WhiteElo "2725"]
[BlackElo "2630"]
[PlyCount "80"]
[TimeControl "900+10"]

1. e4 e5 2. Nf3 Nc6 3. Bb5 f5 4. d3 d6 5. exf5 a6 6. Ba4 Nf6 7. d4 e4 8. Ng5 Bxf5 9. d5 b5 10. Bb3 Na5 11. 0-0 Nxb3 12. axb3 h6 13. Ne6 Bxe6 14. dxe6 d5 15. c4 c6 16. cxd5 cxd5 17. Be3 Qd6 18. Nc3 Rd8 19. Ne2 Qxe6 20. Nd4 Qd7 21. Rxa6 Bd6 22. Qe2 0-0 23. Qxb5 Ng4 24. Qxd5+ Kh8 25. g3 Nxe3 26. fxe3 Rxf1+ 27. Kxf1 Qh3+ 28. Kg1 Rf8 29. Ra1 Bxg3 30. hxg3 Qxg3+ 31. Kh1 Qh3+ 32. Kg1 Qxe3+ 33. Kh1 Qh3+ 34. Kg1 Qg4+ 35. Kh1 Kh7 36. Qe6 Qh4+ 37. Kg1 Rf2 38. Qe5 Rf4 39. Qxf4 Qxf4 40. Re1 e3 0-1

[Event "FIDE World Rapid-ch Open 2018"]
[White "Kamsky, Gata"]
[Black "Mchedlishvili, Mikheil"]
[Site "St. Petersburg"]
[Round "13.13"]
[Annotator "ChessBase"]
[Result "1-0"]
[Date "2018.12.28"]
[WhiteElo "2666"]
[BlackElo "2610"]
[PlyCount "83"]
[TimeControl "900+10"]

1. d4 Nf6 2. Nf3 g6 3. c3 Bg7 4. Bf4 0-0 5. Nbd2 d6 6. h3 Nbd7 7. e3 b6 8. a4 a6 9. Bc4 Bb7 10. 0-0 Ra7 11. Re1 Qa8 12. Bh2 c5 13. Qb3 Bh6 14. Bf1 Ne4 15. Nxe4 Bxe4 16. Nd2 Bc6 17. Qa3 Rc8 18. Nc4 Qb8 19. dxc5 Nxc5 20. a5 b5 21. Nb6 Rcc7 22. c4 bxc4 23. Bxc4 Nd7 24. Qb3 Qe8 25. Rac1 Bg7 26. Qa2 Ne5 27. Bxe5 Bxe5 28. b4 e6 29. Qe2 Bb7 30. e4 Qd8 31. Qe3 Bc6 32. Red1 Qf6 33. g3 Qe7 34. Bf1 Qe8 35. Nc4 Bb5 36. Nxe5 dxe5 37. Rxc7 Rxc7 38. Qb6 Rc8 39. Bxb5 axb5 40. a6 Kg7 41. a7 Qe7 42. Qb8 1-0

[Event "FIDE World Rapid-ch Open 2018"]
[White "Shirov, Alexei"]
[Black "Svidler, Peter"]
[Site "St. Petersburg"]
[Round "13.14"]
[Annotator "ChessBase"]
[Result "0-1"]
[Date "2018.12.28"]
[WhiteElo "2643"]
[BlackElo "2737"]
[PlyCount "112"]
[TimeControl "900+10"]

1. e4 c5 2. Nf3 Nc6 3. d4 cxd4 4. Nxd4 e6 5. Nc3 a6 6. Be3 Nf6 7. f4 Bb4 8. Bd3 e5 9. fxe5 Nxe5 10. 0-0 Bc5 11. h3 d6 12. Qe1 0-0 13. Rd1 Re8 14. Qf2 Be6 15. Nxe6 Bxe3 16. Nxd8 Bxf2+ 17. Rxf2 Rexd8 18. Rfd2 Kf8 19. Be2 Ke7 20. g4 h6 21. h4 Rac8 22. g5 hxg5 23. hxg5 Nh7 24. Nd5+ Kf8 25. g6 Nxg6 26. Bg4 Rc4 27. b3 Rxe4 28. Bf5 Re5 29. Bxg6 fxg6 30. Nf4 Re4 31. Rf1 Kf7 32. Nh3+ Kg8 33. Rfd1 Re3 34. Nf4 g5 35. Nd5 Re4 36. Nb6 g4 37. Nc4 Ng5 38. Nxd6 Nf3+ 39. Kg2 Re6 40. Rd5 Nh4+ 41. Kh2 g3+ 42. Kh3 g2 43. Kxh4 Rexd6 44. Rxd6 Rxd6 45. Re1 Rd2 46. Kg3 Rxc2 47. a4 Rb2 48. Kh2 Rxb3 49. Kxg2 a5 50. Re7 b6 51. Rc7 Rb4 52. Rc6 Kf7 53. Kf3 g5 54. Rh6 Ke7 55. Rg6 g4+ 56. Ke2 Kd7 0-1

[Event "FIDE World Rapid-ch Open 2018"]
[White "Mamedov, Rauf"]
[Black "Saric, Ivan"]
[Site "St. Petersburg"]
[Round "13.15"]
[Annotator "ChessBase"]
[Result "0-1"]
[Date "2018.12.28"]
[WhiteElo "2703"]
[BlackElo "2695"]
[PlyCount "70"]
[TimeControl "900+10"]

1. e4 c5 2. Nf3 d6 3. Nc3 Nf6 4. e5 dxe5 5. Nxe5 a6 6. g3 Qc7 7. d4 cxd4 8. Qxd4 Nc6 9. Nxc6 Qxc6 10. Bg5 Qd7 11. Bxf6 gxf6 12. Nd5 Bh6 13. Rd1 Qe6+ 14. Be2 0-0 15. Qc5 Qe4 16. f3 Qe5 17. f4 Qxb2 18. 0-0 Be6 19. Nxe7+ Kh8 20. Bd3 Rad8 21. Qh5 Rxd3 22. cxd3 Bg7 23. Nf5 Rc8 24. Rb1 Qxa2 25. Nd4 Bd5 26. Qe2 f5 27. Qxa2 Bxa2 28. Rb4 a5 29. Ra4 Bxd4+ 30. Rxd4 b5 31. g4 b4 32. Ra1 b3 33. Ra4 Rc2 34. g5 b2 35. R4xa2 Rc1+ 0-1

[Event "FIDE World Rapid-ch Open 2018"]
[White "Anton Guijarro, David"]
[Black "Amin, Bassem"]
[Site "St. Petersburg"]
[Round "13.17"]
[Annotator "ChessBase"]
[Result "1-0"]
[Date "2018.12.28"]
[WhiteElo "2642"]
[BlackElo "2710"]
[PlyCount "71"]
[TimeControl "900+10"]

1. e4 e5 2. Nf3 Nc6 3. Bc4 Bc5 4. c3 Nf6 5. d4 exd4 6. e5 d5 7. Bb5 Ne4 8. cxd4 Bb6 9. Nc3 0-0 10. Be3 f6 11. Qb3 Nxc3 12. Bxc6 bxc6 13. Qxc3 Bg4 14. exf6 Qxf6 15. Ne5 Bf5 16. 0-0 Rae8 17. b4 Qh4 18. f4 Be4 19. Rf2 Re6 20. Raf1 Rh6 21. h3 Qg3 22. Rf3 Bxf3 23. Rxf3 Qh4 24. a4 a6 25. a5 Ba7 26. Nxc6 Bb8 27. f5 Rhf6 28. Bf2 Qg5 29. Qc5 Kh8 30. Bg3 h5 31. b5 axb5 32. a6 Kh7 33. Nxb8 Rxb8 34. a7 Ra8 35. Be5 Rxf5 36. Qc2 1-0

[Event "FIDE World Rapid-ch Open 2018"]
[White "Cheparinov, Ivan"]
[Black "Rakhmanov, Aleksandr"]
[Site "St. Petersburg"]
[Round "13.18"]
[Annotator "ChessBase"]
[Result "1/2-1/2"]
[Date "2018.12.28"]
[WhiteElo "2709"]
[BlackElo "2629"]
[PlyCount "80"]
[TimeControl "900+10"]

1. Nf3 Nf6 2. c4 d6 3. d4 g6 4. Nc3 Bf5 5. Qb3 b6 6. g3 Bg7 7. Bg2 Nc6 8. Qa4 Bd7 9. Qd1 0-0 10. 0-0 e5 11. d5 Ne7 12. e4 Ne8 13. Ne1 f5 14. Nd3 Nf6 15. f3 a5 16. Bd2 h5 17. h4 fxe4 18. fxe4 Ng4 19. Qe2 Kh7 20. Rxf8 Qxf8 21. Rf1 Qe8 22. Ne1 Ng8 23. Nf3 N8f6 24. Ng5+ Kg8 25. Nb5 Rc8 26. b3 Nh7 27. Nxh7 Kxh7 28. Nc3 Qe7 29. Bg5 Bf6 30. Bxf6 Nxf6 31. Qd2 Kg7 32. Qg5 Rf8 33. Nb1 Qd8 34. Nd2 Nh7 35. Qxd8 Rxd8 36. Nf3 Bg4 37. Ng5 Nxg5 38. hxg5 Rf8 39. Rxf8 Kxf8 40. Kf2 Ke7 1/2-1/2

[Event "FIDE World Rapid-ch Open 2018"]
[White "Antipov, Mikhail Al."]
[Black "Motylev, Alexander"]
[Site "St. Petersburg"]
[Round "13.19"]
[Annotator "ChessBase"]
[Result "1/2-1/2"]
[Date "2018.12.28"]
[WhiteElo "2589"]
[BlackElo "2644"]
[PlyCount "68"]
[TimeControl "900+10"]

1. e4 e5 2. Nf3 Nc6 3. Bb5 Nge7 4. h4 Nd4 5. Nxd4 exd4 6. Qf3 c6 7. Bc4 d5 8. exd5 Nxd5 9. Bxd5 cxd5 10. d3 Be7 11. h5 0-0 12. 0-0 Be6 13. h6 g5 14. Nd2 g4 15. Qf4 Bg5 16. Qh2 f5 17. Nb3 f4 18. Nxd4 Bd7 19. g3 Rf6 20. Bxf4 Bxf4 21. gxf4 Qb6 22. c3 Rxh6 23. Qg2 Qd6 24. Rae1 Rh5 25. Re3 Qxf4 26. Re7 Qd6 27. Rfe1 Rf8 28. Qg3 Qh6 29. Qg2 g3 30. fxg3 Bh3 31. Qe2 Bc8 32. Qg2 Bh3 33. Qe2 Bc8 34. Qg2 Bh3 1/2-1/2

[Event "FIDE World Rapid-ch Open 2018"]
[White "Amonatov, Farrukh"]
[Black "Paravyan, David"]
[Site "St. Petersburg"]
[Round "13.20"]
[Annotator "ChessBase"]
[Result "1/2-1/2"]
[Date "2018.12.28"]
[WhiteElo "2614"]
[BlackElo "2634"]
[PlyCount "119"]
[TimeControl "900+10"]

1. e4 e5 2. Nf3 Nc6 3. Bb5 Nf6 4. d3 Bc5 5. Bxc6 dxc6 6. Nbd2 0-0 7. Qe2 Nd7 8. 0-0 Be7 9. Nc4 f6 10. Nh4 Nc5 11. Nf5 Bxf5 12. exf5 Na4 13. Qg4 Nb6 14. Nd2 Nd5 15. Ne4 Kh8 16. Bd2 a5 17. a3 Qe8 18. Rae1 Qf7 19. Ng3 Bd6 20. Re4 b6 21. Rfe1 Rae8 22. Rc4 c5 23. Qf3 Nf4 24. Rce4 g6 25. h3 Rg8 26. fxg6 hxg6 27. Bxf4 exf4 28. Rxe8 Rxe8 29. Rxe8+ Qxe8 30. Ne2 Qe5 31. c3 f5 32. Kf1 Kg7 33. Ke1 Qe6 34. Kd2 g5 35. g4 fxg3 36. fxg3 Qh6 37. g4 f4 38. Qd5 Qh4 39. d4 c4 40. a4 Kh8 41. Qa8+ Kg7 42. Qd5 Qh6 43. Qf5 Qf6 44. Qd7+ Kh6 45. d5 Be5 46. Qe6 Qxe6 47. dxe6 Kg6 48. Ng1 Kf6 49. Nf3 Bd6 50. Ke2 Be7 51. Nd2 Kxe6 52. Nxc4 Kd5 53. Nd2 c6 54. Kd3 Bd8 55. b3 Be7 56. Nf3 Bf6 57. Nd2 Bd8 58. Nf3 Bf6 59. Nd2 Bd8 60. Nf3 {Ke4+ Kxe4} 1/2-1/2

[Event "FIDE World Rapid-ch Open 2018"]
[White "Duda, Jan-Krzysztof"]
[Black "Tang, Andrew"]
[Site "St. Petersburg"]
[Round "13.21"]
[Annotator "ChessBase"]
[Result "1-0"]
[Date "2018.12.28"]
[WhiteElo "2738"]
[BlackElo "2487"]
[PlyCount "69"]
[TimeControl "900+10"]

1. Nf3 d5 2. c4 e6 3. e3 Nf6 4. b3 c5 5. Bb2 Nc6 6. cxd5 exd5 7. Bb5 Bd6 8. 0-0 0-0 9. d4 cxd4 10. Nxd4 Bg4 11. Be2 Bxe2 12. Qxe2 Re8 13. Nd2 Be5 14. Nxc6 bxc6 15. Bxe5 Rxe5 16. Rac1 Qb6 17. Rc2 c5 18. Rfc1 Rc8 19. Qd3 h6 20. h3 Re7 21. Qf5 Rec7 22. Nf3 Qd6 23. Qe5 Qb6 24. Nd4 Re8 25. Qf4 Ne4 26. Nf5 Rc6 27. Rd1 Rf6 28. Rxd5 Qe6 29. Qg4 Rg6 30. Qd1 Rg5 31. g4 h5 32. f4 Rg6 33. Re5 Qc8 34. Ne7+ Rxe7 35. Rxe7 1-0

[Event "FIDE World Rapid-ch Open 2018"]
[White "Jakovenko, Dmitry"]
[Black "Sakaev, Konstantin"]
[Site "St. Petersburg"]
[Round "13.22"]
[Annotator "ChessBase"]
[Result "1-0"]
[Date "2018.12.28"]
[WhiteElo "2735"]
[BlackElo "2584"]
[PlyCount "79"]
[TimeControl "900+10"]

1. e4 c5 2. Nf3 d6 3. d4 cxd4 4. Nxd4 Nf6 5. Nc3 a6 6. f3 e5 7. Nb3 Be6 8. Be3 Be7 9. Qd2 0-0 10. 0-0-0 Nbd7 11. g4 b5 12. g5 Nh5 13. Kb1 Nb6 14. Nd5 Nxd5 15. exd5 Bd7 16. Na5 Rc8 17. c4 Qc7 18. Rc1 Qb8 19. Bd3 b4 20. c5 dxc5 21. Bxa6 Rcd8 22. Bc4 Qa7 23. Qxb4 cxb4 24. Bxa7 Bxg5 25. Rcg1 Bf6 26. Bc5 Bf5+ 27. Ka1 e4 28. Bxf8 Kxf8 29. Nc6 Re8 30. Re1 e3 31. Nxb4 Nf4 32. a4 e2 33. Bb5 Re3 34. Ka2 Be7 35. Nc6 Bh4 36. Nd4 Bd3 37. Bxd3 Bxe1 38. Bxe2 Nxe2 39. Nc2 Nc3+ 40. bxc3 1-0

[Event "FIDE World Rapid-ch Open 2018"]
[White "Ragger, Markus"]
[Black "Tomashevsky, Evgeny"]
[Site "St. Petersburg"]
[Round "13.23"]
[Annotator "ChessBase"]
[Result "1/2-1/2"]
[Date "2018.12.28"]
[WhiteElo "2687"]
[BlackElo "2705"]
[PlyCount "29"]
[TimeControl "900+10"]

1. e4 c6 2. d4 d5 3. exd5 cxd5 4. Bd3 Nc6 5. c3 Nf6 6. h3 g6 7. Bf4 Bf5 8. Be2 Be4 9. Nf3 Bxf3 10. Bxf3 e6 11. 0-0 Bd6 12. Bh6 Bf8 13. Bf4 Bd6 14. Bh6 Bf8 15. Bf4 1/2-1/2

[Event "FIDE World Rapid-ch Open 2018"]
[White "Guseinov, Gadir"]
[Black "Sarana, Alexey"]
[Site "St. Petersburg"]
[Round "13.24"]
[Annotator "ChessBase"]
[Result "1-0"]
[Date "2018.12.28"]
[WhiteElo "2664"]
[BlackElo "2618"]
[PlyCount "67"]
[TimeControl "900+10"]

1. e4 c5 2. Nc3 d6 3. d4 cxd4 4. Qxd4 Nc6 5. Qd2 e6 6. b3 Nf6 7. Bb2 d5 8. exd5 exd5 9. 0-0-0 Be6 10. Nf3 Qa5 11. Nd4 Bb4 12. Nxe6 fxe6 13. Qe3 Kf7 14. Kb1 d4 15. Rxd4 Nxd4 16. Qxd4 Rhd8 17. Qe3 Bxc3 18. Bxc3 Rd1+ 19. Kb2 Qb6 20. Qf3 Rad8 21. g3 R8d5 22. Bc4 Rxh1 23. Qxh1 Rh5 24. f4 Qc6 25. Qd1 b5 26. Bxf6 Rxh2 27. Bc3 bxc4 28. Qd4 Kg6 29. f5+ exf5 30. Qxg7+ Kh5 31. Qxh7+ Qh6 32. Qxf5+ Qg5 33. g4+ Kh6 34. Qf8+ 1-0

[Event "FIDE World Rapid-ch Open 2018"]
[White "Khanin, Semen"]
[Black "Fridman, Daniel"]
[Site "St. Petersburg"]
[Round "13.25"]
[Annotator "ChessBase"]
[Result "0-1"]
[Date "2018.12.28"]
[WhiteElo "2514"]
[BlackElo "2633"]
[PlyCount "76"]
[TimeControl "900+10"]

1. e4 e5 2. Nf3 Nf6 3. Nxe5 d6 4. Nf3 Nxe4 5. Bd3 Nf6 6. 0-0 Be7 7. c3 0-0 8. Bc2 Bg4 9. d4 c5 10. h3 Bh5 11. d5 Nbd7 12. g4 Bg6 13. Bxg6 hxg6 14. c4 Ne4 15. Nbd2 Nxd2 16. Bxd2 Bf6 17. Qc2 Ne5 18. Nxe5 Bxe5 19. Rae1 Qf6 20. b3 Rfe8 21. Kg2 Bd4 22. f4 Qh4 23. Bc3 Rxe1 24. Rxe1 f5 25. gxf5 gxf5 26. Rf1 Bxc3 27. Qxc3 Re8 28. Qg3 Qe7 29. Kh2 Kf7 30. Rf2 Qf6 31. Rg2 Re4 32. Qf3 Qh4 33. Rf2 g6 34. Qg3 Qf6 35. Rg2 Re8 36. Qf3 Qh4 37. Rf2 Re1 38. Qg3 Rh1+ 0-1

[Event "FIDE World Rapid-ch Open 2018"]
[White "Yuffa, Daniil"]
[Black "Riazantsev, Alexander"]
[Site "St. Petersburg"]
[Round "13.26"]
[Annotator "ChessBase"]
[Result "1/2-1/2"]
[Date "2018.12.28"]
[WhiteElo "2572"]
[BlackElo "2649"]
[PlyCount "113"]
[TimeControl "900+10"]

1. d4 d5 2. c4 e6 3. Nf3 Nf6 4. g3 dxc4 5. Bg2 a6 6. 0-0 b5 7. Ne5 Nd5 8. a4 Bb7 9. e4 Nf6 10. axb5 axb5 11. Rxa8 Bxa8 12. Nc3 c6 13. d5 Be7 14. dxe6 fxe6 15. Qe2 0-0 16. Bh3 Kh8 17. Bxe6 Qe8 18. Rd1 Bb7 19. Bf4 Na6 20. Nd7 Nxd7 21. Bxd7 Qf7 22. e5 Qg6 23. Qe4 Nc5 24. Qxg6 hxg6 25. e6 Nd3 26. Ne4 Nxf4 27. gxf4 c5 28. Ng5 Rxf4 29. Nf7+ Kh7 30. Ne5 b4 31. Bc6 Bxc6 32. Nxc6 Bh4 33. Rd5 c3 34. bxc3 bxc3 35. Kg2 Rc4 36. Rd1 Re4 37. Rd5 Rxe6 38. Rxc5 Bf6 39. Kf3 Rd6 40. Nb4 Rd2 41. Nd5 Bd4 42. Rc4 Rxf2+ 43. Ke4 Bf6 44. Nxc3 Rc2 45. Kd3 Rxc3+ 46. Rxc3 Bxc3 47. Kxc3 Kh6 48. Kd4 Kg5 49. Ke3 Kg4 50. Ke4 g5 51. Ke5 Kh3 52. Kf5 g4 53. Kf4 Kh4 54. Kf5 g5 55. Kg6 g3 56. hxg3+ Kxg3 57. Kxg5 1/2-1/2

[Event "FIDE World Rapid-ch Open 2018"]
[White "Levin, Evgeny A."]
[Black "Timofeev, Artyom"]
[Site "St. Petersburg"]
[Round "13.27"]
[Annotator "ChessBase"]
[Result "1/2-1/2"]
[Date "2018.12.28"]
[WhiteElo "2516"]
[BlackElo "2589"]
[PlyCount "31"]
[TimeControl "900+10"]

1. d4 Nf6 2. c4 b6 3. Nf3 Bb7 4. Nc3 g6 5. g3 Bg7 6. Bg2 0-0 7. 0-0 Ne4 8. Qc2 Nxc3 9. Qxc3 c5 10. Be3 Nc6 11. Rfd1 Qc7 12. Rac1 Rac8 13. Qd2 cxd4 14. Nxd4 Nxd4 15. Bxd4 Bxg2 16. Bxg7 1/2-1/2

[Event "FIDE World Rapid-ch Open 2018"]
[White "Kovalenko, Igor"]
[Black "Hovhannisyan, Robert"]
[Site "St. Petersburg"]
[Round "13.28"]
[Annotator "ChessBase"]
[Result "1/2-1/2"]
[Date "2018.12.28"]
[WhiteElo "2657"]
[BlackElo "2637"]
[PlyCount "181"]
[TimeControl "900+10"]

1. Nf3 d5 2. d4 Nf6 3. c4 c6 4. Nc3 e6 5. cxd5 exd5 6. Qc2 Bd6 7. Bg5 0-0 8. e3 h6 9. Bh4 Be6 10. Bd3 Nbd7 11. 0-0 Re8 12. Rab1 a5 13. a3 Qb8 14. Bg3 Bg4 15. Nd2 Bxg3 16. hxg3 Qd6 17. Rfc1 Rac8 18. Na4 g6 19. Nc5 Nxc5 20. Qxc5 Qxc5 21. Rxc5 b6 22. Rc3 c5 23. dxc5 bxc5 24. Ba6 d4 25. exd4 cxd4 26. Rxc8 Bxc8 27. Bd3 Be6 28. Nf3 Rd8 29. b4 axb4 30. Rxb4 Rc8 31. Nxd4 Rc1+ 32. Bf1 Bd7 33. f3 Nd5 34. Rb8+ Kg7 35. Kf2 Ra1 36. Bc4 Nf6 37. Nc2 Rc1 38. Ne3 h5 39. Rb7 Ra1 40. Ra7 Be8 41. Ke2 Nd7 42. Ra8 Nf6 43. Nc2 Rg1 44. Ne1 Rh1 45. a4 h4 46. g4 Bc6 47. Ra7 Bd5 48. Bxd5 Nxd5 49. Kf2 Nc3 50. Nd3 Ra1 51. a5 Ra2+ 52. Kf1 Nd5 53. Ne5 Ne3+ 54. Kg1 Rxg2+ 55. Kh1 h3 56. Nxf7 Kf6 57. Nd6 Ke5 58. Ne4 Ra2 59. Re7+ Kf4 60. Rf7+ Ke5 61. Re7+ Kf4 62. Rf7+ Ke5 63. Nc3 Ra3 64. Ne2 Ke6 65. Rf8 Ke7 66. Rf4 Nf1 67. Re4+ Kd6 68. Rd4+ Kc5 69. Rd1 Rxf3 70. a6 Kb6 71. Ra1 Ka7 72. Nd4 Rf2 73. Ne2 Nd2 74. Ng1 h2 75. Nh3 Re2 76. Ra2 Re1+ 77. Kxh2 Ne4 78. Nf4 Nf6 79. g5 Ne4 80. Ne6 Nc3 81. Rc2 Rxe6 82. Rxc3 Re5 83. Rg3 Kxa6 84. Kh3 Kb6 85. Kg4 Kc6 86. Rd3 Rd5 87. Rf3 Rd4+ 88. Kg3 Kd7 89. Rf7+ Ke6 90. Rf6+ Ke5 91. Rxg6 1/2-1/2

[Event "FIDE World Rapid-ch Open 2018"]
[White "Savchenko, Boris"]
[Black "Gasanov, Eldar"]
[Site "St. Petersburg"]
[Round "13.29"]
[Annotator "ChessBase"]
[Result "1-0"]
[Date "2018.12.28"]
[WhiteElo "2562"]
[BlackElo "2499"]
[PlyCount "59"]
[TimeControl "900+10"]

1. e4 e5 2. Nf3 Nc6 3. Bb5 a6 4. Ba4 Nf6 5. 0-0 Be7 6. Re1 b5 7. Bb3 d6 8. c3 0-0 9. a4 Bd7 10. d4 Bg4 11. Bd5 Nxd5 12. exd5 Na5 13. axb5 axb5 14. dxe5 dxe5 15. h3 Bxf3 16. Qxf3 Re8 17. Nd2 b4 18. Nf1 Bd6 19. Ng3 Nb3 20. Rxa8 Qxa8 21. Be3 bxc3 22. bxc3 Qa5 23. Ne4 Rf8 24. Nf6+ Kh8 25. Qf5 g6 26. Qg5 Qxc3 27. Qh6 Qxe1+ 28. Kh2 e4+ 29. g3 Bxg3+ 30. Kg2 1-0

[Event "FIDE World Rapid-ch Open 2018"]
[White "Petrov, Nikita"]
[Black "Bocharov, Ivan"]
[Site "St. Petersburg"]
[Round "13.30"]
[Annotator "ChessBase"]
[Result "1/2-1/2"]
[Date "2018.12.28"]
[WhiteElo "2593"]
[BlackElo "2563"]
[PlyCount "88"]
[TimeControl "900+10"]

1. e4 e5 2. Bc4 Nc6 3. Nf3 Bc5 4. d3 Nf6 5. a4 0-0 6. Bg5 h6 7. Bh4 d6 8. c3 a5 9. Nbd2 Be6 10. 0-0 Ba7 11. Re1 Re8 12. Bb5 g5 13. Bg3 Bd7 14. Nc4 Ne7 15. d4 c6 16. Nxd6 cxb5 17. Bxe5 Ng4 18. axb5 Nxe5 19. Nxe5 Rf8 20. Qh5 Be6 21. Nxb7 Qc7 22. Qxh6 Qxb7 23. Qxg5+ Kh7 24. d5 f6 25. Qh4+ Kg7 26. Qg3+ Kh7 27. Qh4+ Kg7 28. Qg3+ Kh7 29. Nc6 Bc8 30. e5 Nxc6 31. bxc6 Qg7 32. e6 Re8 33. Qh3+ Qh6 34. Qf5+ Qg6 35. Qh3+ Qh6 36. Qf5+ Qg6 37. Qf3 Bb8 38. Ra4 f5 39. b4 Ba6 40. Rxa5 Bc7 41. Raa1 Bc4 42. Rad1 Bb6 43. Qf4 Ra2 44. Rd4 Bxd5 1/2-1/2